 Dungeon Crawl Stone Soup version 0.30-a0-782-ge64f9170bb (webtiles) character file.

Game seed: 1448952580316193488

935 theswoord the Chopper (level 7, -4/50 HPs)
             Began as a Demonspawn Gladiator on Feb 26, 2023.
             Was an Initiate of Ashenzari.
             Succumbed to a gnoll sergeant's poison
             ... on level 6 of the Dungeon.
             The game lasted 00:05:34 (2392 turns).

theswoord the Chopper (Demonspawn Gladiator)        Turns: 2392, Time: 00:05:35

Health: -4/50      AC:  6    Str: 16    XL:     7   Next: 87%
Magic:  6/7        EV: 14    Int:  9    God:    Ashenzari [......]
Gold:   113        SH:  5    Dex: 15    Spells: 4/6 levels left

rFire   + . .      SeeInvis .    a - +1 war axe
rCold   . . .      Faith    .    (no shield)
rNeg    . . .      Spirit   .    l - +2 leather armour {rF+}
rPois   .          Reflect  +    c - +0 helmet "Manifest Doubts" {Comp, Melee} (curse)
rElec   .          Harm     .    (no cloak)
rCorr   .          Rampage  .    (no gloves)
Will    .....                    (no boots)
Stlth   +                        g - amulet of reflection
HPRegen 3.28/turn                (no ring)
MPRegen 0.10/turn                (no ring)

@: mighty, lethally poisoned (-4 -> -16), wereblooded
A: claws 1, repulsion field 1, powered by death 1
a: Renounce Religion, Curse Item, Shatter the Chains


You were on level 6 of the Dungeon.
You worshipped Ashenzari.
Ashenzari was noncommittal.
You visited 1 branch of the dungeon, and saw 4 of its levels.

You collected 113 gold pieces.

Inventory:

Hand Weapons
 a - a +1 war axe (weapon)
Missiles
 d - 2 throwing nets
 e - a javelin
Armour
 b - a +0 leather armour
 c - the cursed +0 helmet "Manifest Doubts" (worn) {Comp, Melee}

   It has a curse which improves the following skills: Companions: Summonings
   and Necromancy.
   Melee Combat: Short Blades, Long Blades, Axes, Maces & Flails, Polearms,
   Staves and Unarmed Combat.
 l - a +2 leather armour of fire resistance (worn)
 r - a +0 scale mail
Jewellery
 g - an amulet of reflection (around neck)
 n - a ring of ice
Scrolls
 f - 5 scrolls of fear
 i - 2 scrolls of amnesia
 p - 2 scrolls of teleportation {unknown}
 q - a scroll of immolation {unknown}
 s - a scroll of silence {unknown}
 t - a scroll of identify
Potions
 j - 3 potions of heal wounds
 k - a potion of curing
 m - a potion of degeneration
 o - a potion of experience {unknown}
 u - a potion of mutation {unknown}
 v - a potion of invisibility {unknown}


   Skills:
 - Level 2.0 Fighting
 + Level 7.5(7.9) Axes
 - Level 1.7 Throwing
 - Level 2.6 Dodging
 + Level 4.2 Transmutations


You had 4 spell levels left.
You knew the following spells:

 Your Spells              Type           Power      Damage    Failure   Level
a - Wereblood             Tmut           7%         N/A       14%         2

Your spell library contained the following spells:

 Spells                   Type           Power      Damage    Failure   Level
 Sublimation of Blood     Necr           0%         N/A       58%         2
 Passage of Golubria      Tloc           0%         N/A       99%         4
 Silence                  Hex/Air        0%         N/A       100%        5
 Summon Hydra             Summ           0%         N/A       100%        7
 Lehudib's Crystal Spear  Conj/Erth      0%         10d2      100%        8


Dungeon Overview and Level Annotations

Branches:
Dungeon (3/15)             Temple (0/1) D:6

Altars:
Ashenzari
Hepliaklqana
Ru


Innate Abilities, Weirdness & Mutations

You have sharp fingernails.
You are surrounded by a mild repulsion field. (EV +2)
You regenerate a little health from kills.


Message History

You hit the jelly.
Your claws burn!
You hit the gnoll. x2
You slash the gnoll!
You feel a bit better.
You kill the gnoll!
The gnoll closely misses you. x2; You block the gnoll's attack.
The jelly hits you but does no damage.
You slash the gnoll!
You feel a bit better.
You kill the gnoll!
You slash the jelly!
You feel a bit better.
You kill the jelly!
You barely miss the gnoll.
The gnoll hits you from afar with a +0 spear.
You block the gnoll's attack.
The gnoll sergeant hits you from afar with a +1 spear of venom.
You are poisoned.
You barely miss the gnoll. x2; You feel sick.
The gnoll barely misses you. The gnoll hits you with a +0 flail.
The gnoll sergeant hits you from afar with a +1 spear of venom.
You are more poisoned.
You slice the gnoll!!
You feel a bit better.
You kill the gnoll!
You slash the gnoll!
You feel very sick.
The gnoll hits you but does no damage. x2
The gnoll sergeant hits you from afar with a +1 spear of venom.
You are more poisoned.
You slice the gnoll!!
You feel a bit better.
You kill the gnoll!
You feel extremely sick. The gnoll closely misses you.
The gnoll sergeant hits you from afar with a +1 spear of venom!
* * * LOW HITPOINT WARNING * * *
You are lethally poisoned!
Found a stone staircase leading up.
* * * LOW HITPOINT WARNING * * *
You feel extremely sick. The gnoll closely misses you.
The gnoll sergeant hits you with a +1 spear of venom!
* * * LOW HITPOINT WARNING * * *
You slash the gnoll sergeant!
You die...

##....<.. #.......
....####### ##......#
............
#.......##............
#.)...................
#...........<.........
##....g................
#...g)@......>... #....
#....).).........##....
##................#....
#....................†
###...................
##......#............
#...........##.......
#.......#....#.......
#......##....#.......


You could see a gnoll sergeant and a gnoll.

Vanquished Creatures
  Sigmund (D:3)
  A black bear (D:6)
  An ogre (D:6)
  A phantom (D:6)
  A bullfrog (D:6)
  A necrophage (D:6)
  2 scorpions (D:6)
  A hound (D:6)
  A jelly (D:6)
  3 orc wizards (D:6)
  4 gnolls (D:6)
  4 adders (D:2)
  A white imp (D:6)
  A worm (D:3)
  2 dart slugs
  2 orcs (D:6)
  2 endoplasms (D:2)
  A giant cockroach (D:2)
  2 goblins
  5 hobgoblins
  4 quokkas
  7 ball pythons
  8 bats
  4 frilled lizards
  6 kobolds
  6 rats
72 creatures vanquished.

Vanquished Creatures (others)
  8 plants (D:2)
8 creatures vanquished.

Grand Total: 80 creatures vanquished

Notes
Turn   | Place    | Note
-------+----------+-------------------------------------------
     0 | D:1      | theswoord the Demonspawn Gladiator began the quest for the
                  | Orb.
     0 | D:1      | Reached XP level 1. HP: 16/16 MP: 1/1
   184 | D:1      | Reached skill level 3 in Axes
   226 | D:1      | Gained mutation: You regenerate a little health from kills.
                  | [demonic ancestry]
   226 | D:1      | Reached XP level 2. HP: 17/22 MP: 2/2
   971 | D:2      | Gained mutation: You are surrounded by a mild repulsion
                  | field. (EV +2) [demonic ancestry]
   971 | D:2      | Reached XP level 3. HP: 27/27 MP: 3/3
   990 | D:2      | Reached skill level 4 in Axes
  1384 | D:2      | Reached XP level 4. HP: 33/33 MP: 4/4
  1588 | D:3      | Noticed Sigmund
  1597 | D:3      | Killed Sigmund
  1598 | D:3      | Reached skill level 6 in Axes
  1598 | D:3      | Reached XP level 5. HP: 30/38 MP: 5/5
  1605 | D:3      | Learned a level 2 spell: Wereblood
  1757 | D:3      | Found a faded altar of an unknown god.
  1768 | D:3      | Prayed at the altar of an unknown god.
  1768 | D:3      | Became a worshipper of Ashenzari the Shackled
  1831 | D:3      | Found a sacrificial altar of Ru.
  1831 | D:3      | Found a hazy altar of Hepliaklqana.
  1837 | D:3      | You fall into a shaft and drop 3 floors!
  1839 | D:6      | Noticed an ogre
  1849 | D:6      | Killed an ogre
  1850 | D:6      | Reached skill level 1 in Transmutations
  1850 | D:6      | Gained mutation: You have sharp fingernails. [demonic
                  | ancestry]
  1850 | D:6      | Reached XP level 6. HP: 44/44 MP: 6/6
  2018 | D:6      | Found a staircase to the Ecumenical Temple.
  2034 | D:6      | Reached XP level 7. HP: 46/50 MP: 7/7
  2175 | D:6      | Reached skill level 7 in Axes
  2391 | D:6      | HP: 1/50 [gnoll sergeant/+1 spear of venom (10)]
  2392 | D:6      | Succumbed to a gnoll sergeant's poison

Skill      XL: |  1  2  3  4  5  6  7 |
---------------+----------------------+-----
Axes           | 3 4 6 7 |  7.5
Transmutations | 1 2 4 |  4.2
Fighting       | |  2.0
Throwing       | |  1.7
Dodging        | |  2.6

Action                     |  1- 3 |  4- 6 |  7- 9 || total
---------------------------+-------+-------+-------++-------
  Melee: War axe           |    92 |    70 |    39 ||   201
         Punch             |       |     1 |     2 ||     3
  Throw: Throwing net      |       |     2 |       ||     2
   Cast: Wereblood         |       |       |     2 ||     2
 Invoke: Curse Item        |       |     1 |       ||     1
    Use: Scroll            |     3 |     6 |       ||     9
         Potion            |       |     1 |     1 ||     2
   Stab: Sleeping          |     1 |       |       ||     1
         Held in net/web   |       |     1 |       ||     1
 Armour: Leather armour    |    22 |    14 |    19 ||    55
  Dodge: Dodged            |    73 |    45 |    43 ||   161
  Block: Other             |     2 |    17 |    12 ||    31

Levels and vault maps discovered:
D:1:      dpeg_arrival_erosion, layout_basic, corner_web_ring
D:2:      layout_basic, serial_bayou_ford_a, minmay_misc_feat_enclosed
D:3:      layout_rooms, chequers_temple_overflow_minitemple,
          lightli_sewer_entry_pipes, basic_ecumenical_altar, uniq_sigmund
D:6:      layout_cave_pools, minmay_temple_entry_offerings,
          nicolae_nh_ransacked_shop
